 Dungeon Crawl Stone Soup version 0.16.1-51-g6203257 (webtiles) character file.

58 maniek23 the Insei (level 3, -3/26 HPs)
             Began as a Vampire Transmuter on Aug 1, 2015.
             Slain by an adder (5 damage)
             ... on level 2 of the Dungeon.
             The game lasted 00:04:06 (1729 turns).

maniek23 the Insei (Vampire Transmuter)             Turns: 1729, Time: 00:04:06

Health: -3/26      AC:  0    Str:  4    XL:     3   Next: 76%
Magic:  4/6        EV: 21    Int: 15    God:
Gold:   42         SH:  0    Dex: 20    Spells: 2 memorised, 3 levels left

rFire  . . .     SeeInvis +       - Unarmed
rCold  . . .     Clarity  .     a - melded +0 chain mail
rNeg   + . .     SustAb   .     (shield currently unavailable)
rPois  .         Gourm    .     i - melded +0 helmet (curse)
rElec  .         Spirit   .     (cloak currently unavailable)
rCorr  .         Warding  .     (gloves currently unavailable)
rMut   .         Stasis   .     (boots currently unavailable)
MR     .....                    (no amulet)
Stlth  ++........               (ring currently unavailable)
                                (ring currently unavailable)

@: lethally poisoned (-3 -> -10), bat-form, flying, very quick, not resistant to
hostile enchantments, unstealthy
A: bottle blood, (fangs 0), see invisible, (unbreathing)
a: End Transformation


You were on level 2 of the Dungeon.
You were not thirsty.
You were in vampire-bat-form.
You visited 1 branch of the dungeon, and saw 2 of its levels.

You collected 42 gold pieces.

Inventory:

Missiles
 b - 12 arrows
Armour
 a - a +0 chain mail (melded)
 c - a +0 robe
 i - a cursed +0 helmet (melded)
Scrolls
 f - a scroll of enchant armour {unknown}
 j - a scroll of identify {unknown}
Potions
 e - 2 potions of restore abilities {unknown}
 g - a potion of heal wounds {unknown}
 h - a potion of lignification {unknown}
 q - 6 potions of blood
Books
 d - a book of Changes

   Spells                             Type                      Level
   a - Beastly Appendage              Transmutation                1
   b - Sticks to Snakes               Transmutation                2
   c - Spider Form                    Transmutation/Poison         3
   d - Ice Form                       Ice/Transmutation            4
   e - Blade Hands                    Transmutation                5


   Skills:
 + Level 1.1 Fighting
 + Level 2.9 Dodging
 + Level 0.4 Stealth
 + Level 4.1 Unarmed Combat
 + Level 2.4 Spellcasting
 + Level 2.4 Transmutations


You had 3 spell levels left.
You knew the following spells:

 Your Spells              Type           Power        Failure   Level  Hunger
a - Beastly Appendage     Trmt           #.....       24%         1    #......
b - Sticks to Snakes      Trmt           #.........   28%         2    ###....


Dungeon Overview and Level Annotations

Branches:
Dungeon (2/15)

Altars:


Innate Abilities, Weirdness & Mutations

You can bottle blood from corpses.
((You have razor-sharp teeth.))
You have supernaturally acute eyesight.
((You can survive without breathing.))


Message History

The adder poisons you! The adder bites you but does no damage.
You closely miss the adder.
The adder is moderately wounded.
You feel sick. The adder bites you but does no damage.
You closely miss the adder.
The adder is moderately wounded.
You feel sick. The adder bites you. The adder barely misses you.
You hit the adder.
The adder is almost dead.
* * * LOW HITPOINT WARNING * * *
You feel sick. The adder bites you.
* * * LOW HITPOINT WARNING * * *
The adder bites you.
* * * LOW HITPOINT WARNING * * *
Use which ability? (? or * to list)
You turn into a vampire bat.
Your cursed +0 helmet melds into your body.
Your +0 chain mail melds into your body.
The adder bites you.
You die...

##### #...#####
#########.......####
........'.......'...
#.############.......####
.....lgSb.........####
...##############.# #.#
#.# ##### #.##...#.
...(..... #.##.....
#.##..... .........


You could see an adder, a giant gecko and a hobgoblin.

Vanquished Creatures
  2 adders (D:2)
  A worm (D:2)
  A giant gecko (D:1)
  2 ball pythons (D:1)
  5 bats (D:1)
  7 goblins
  3 hobgoblins
  4 jackals (D:1)
  6 kobolds (D:1)
  A giant newt (D:1)
  2 rats (D:1)
34 creatures vanquished.

Notes
Turn   | Place    | Note
--------------------------------------------------------------
     0 | D:1      | maniek23, the Vampire Transmuter, began the quest for the Orb.
     0 | D:1      | Reached XP level 1. HP: 14/14 MP: 3/3
   266 | D:1      | Reached XP level 2. HP: 17/20 MP: 2/4
   561 | D:1      | Reached skill level 1 in Fighting
   668 | D:1      | Reached XP level 3. HP: 4/26 MP: 6/6
  1154 | D:2      | Reached skill level 4 in Unarmed Combat
  1600 | D:2      | Learned a level 2 spell: Sticks to Snakes
  1729 | D:2      | Slain by an adder

Action                   || total
-------------------------++-------
Melee: Unarmed           ||   124
 Cast: Beastly Appendage ||     5
 Abil: Bat Form          ||     1
  Use: Potion            ||     3
  Eat: Corpse            ||     4
